 Dungeon Crawl Stone Soup version 0.28.0-53-g5a82cb258f (webtiles) character file.

Game seed: 9527171435189028517

13866 cbfl8 the Cleaver (level 11, -4/104 HPs)
             Began as a Minotaur Berserker on July 22, 2022.
             Was a High Priest of Trog.
             Slain by a meliai
             ... wielding a +0 hand axe
              (5 damage)
             ... on level 14 of the Dungeon.
             The game lasted 00:21:46 (13553 turns).

cbfl8 the Cleaver (Minotaur Berserker)             Turns: 13553, Time: 00:21:47

Health: -4/104     AC: 16    Str: 25    XL:     11   Next: 81%
Magic:  10/10      EV: 25    Int:  8    God:    Trog [*****.]
Gold:   384        SH:  4    Dex: 15    Spells: 10/10 levels left

rFire   + . .      SeeInvis +   I - +0 war axe (flame)
rCold   + + .      Faith    .   O - +0 buckler
rNeg    . . .      Spirit   .   G - +0 chain mail
rPois   .          Reflect  .   (helmet restricted)
rElec   .          Harm     .   (no cloak)
rCorr   .          Rampage  .   H - +2 pair of gloves
Will    +++..                   A - +0 pair of boots
Stlth   ..........              d - amulet of the acrobat
HPRegen 1.27/turn               j - ring of see invisible
MPRegen 0.12/turn               V - ring "Uduekh" {rF+ rC++ Will+ Str+4 Int+4}

@: strong-willed, on berserk cooldown, acrobatic, regenerating, slowed, very
slow
A: horns 2, retaliatory headbutt
a: Renounce Religion, Berserk, Trog's Hand, Brothers in Arms


You were on level 14 of the Dungeon.
You worshipped Trog.
Trog was extremely pleased with you.
You visited 1 branch of the dungeon, and saw 12 of its levels.
You also visited: Ossuary and Bailey.

You collected 384 gold pieces.

Inventory:

Hand Weapons
 I - a +0 war axe of flaming (weapon)
Missiles
 f - 4 throwing nets
Armour
 A - a +0 pair of boots (worn)
 G - a +0 chain mail (worn)
 H - a +2 pair of gloves (worn)
 O - a +0 buckler (worn)
Jewellery
 d - an amulet of the acrobat (around neck)
 e - an amulet of reflection
 j - a ring of see invisible (left hand)
 v - a +4 ring of evasion
 E - a ring of poison resistance
 P - a +4 ring of protection
 V - the ring "Uduekh" (right hand) {rF+ rC++ Will+ Str+4 Int+4}
   (You found it in a bailey)

   [ring of protection from fire]

   Str:       It affects your strength (+4).
   Int:       It affects your intelligence (+4).
   rF:        It protects you from fire.
   rC:        It greatly protects you from cold.
   Will:      It increases your willpower.
Wands
 b - a wand of digging (4)
 u - a wand of mindburst (10)
 N - a wand of paralysis (11)
 R - a wand of iceblast (2)
 S - a wand of polymorph (4)
 T - a wand of acid (12)
Scrolls
 g - 4 scrolls of teleportation
 i - a scroll of silence {unknown}
 k - 3 scrolls of fear
 l - 3 scrolls of magic mapping
 m - 4 scrolls of blinking
 o - 3 scrolls of enchant armour {unknown}
 s - 3 scrolls of amnesia {unknown}
 y - a scroll of torment {unknown}
 D - 2 scrolls of enchant weapon {unknown}
 F - a scroll of fog {unknown}
 J - 2 scrolls of holy word {unknown}
 K - a scroll of noise {unknown}
 Q - a scroll of brand weapon {unknown}
 U - a scroll of vulnerability {unknown}
Potions
 a - a potion of attraction {unknown}
 n - 4 potions of cancellation
 p - 4 potions of lignification
 q - 2 potions of haste
 r - 2 potions of invisibility {unknown}
 t - 4 potions of curing {unknown}
 w - a potion of ambrosia {unknown}
 x - a potion of magic {unknown}
 z - 2 potions of flight {unknown}
 C - a potion of resistance
 L - 3 potions of brilliance {unknown}
 M - 6 potions of might
Miscellaneous
 W - a lightning rod (4/4)


   Skills:
 * Level 12.2 Fighting
 + Level 13.8 Axes
 + Level 9.5 Armour
 + Level 5.3 Dodging
 + Level 1.8 Stealth
 + Level 1.9 Shields
 * Level 7.0 Evocations


You had 10 spell levels left.
You didn't know any spells.
Your spell library was empty.

Dungeon Overview and Level Annotations

Branches:
Dungeon (11/15)            Temple (0/1) D:6            Lair (0/6) D:10
    Orc (0/2) D:10        Ossuary (visited)          Bailey (visited)

Altars:
Ashenzari
Cheibriados
Elyvilon
Fedhas
Gozag
Kikubaaqudgha
Makhleb
Nemelex Xobeh
Qazlal
Ru
Sif Muna
Xom
Zin
The Shining One

Shops:
D:3 *   D:6 (   D:7 [   D:9 :

Annotations:
D:5 3 runed translucent doors, OhItsWolfy's ghost, novice MiGl


Innate Abilities, Weirdness & Mutations

You have a pair of horns on your head.
You reflexively headbutt those who attack you in melee.


Message History

The meliai stings you but does no damage.
The centaur barely misses you.
The centaur kicks you but does no damage.
The centaur unwields a +0 shortbow.
The centaur closely misses you.
The centaur kicks you but does no damage.
The meliai calls down the wrath of its god upon you.
Something smites you!
The centaur hits you but does no damage.
You block the centaur's attack. The centaur hits you. The centaur misses you.
Your ogre goes berserk!
The meliai hits you with a +0 hand axe!
* * * LOW HITPOINT WARNING * * *
The meliai barely misses you. You block the centaur's attack.
The centaur closely misses you. The meliai hits you but does no damage.
You block the meliai's attack.
The centaur hits you but does no damage.
The centaur kicks you but does no damage.
The meliai barely misses you.
The meliai stings you but does no damage.
You block the centaur's attack. The centaur closely misses you.
The centaur hits you but does no damage.
The centaur barely misses you. The meliai completely misses you.
You furiously retaliate!
You headbutt the meliai! The meliai misses you.
The meliai mumbles some strange prayers to its god against you.
Something smites you!
* * * LOW HITPOINT WARNING * * *
Your ogre completely misses the meliai.
You swap places.
The meliai invokes the aid of its god against you.
Something smites you!
* * * LOW HITPOINT WARNING * * *
The meliai completely misses you.
The meliai hits your ogre with a +0 hand axe.
The meliai stings you but does no damage.
Your ogre closely misses the meliai.
The meliai misses you. You furiously retaliate!
You headbutt the meliai, but do no damage.
The meliai barely misses your ogre. The meliai stings you.
You die...

*>,,*,,,**********,*
##+**,,,####* *,*
#..,*,,#....* *,*
#..,+,#.....* *,*
#..,*#....,,* *,*
#####..,*...#**** *,*
#......##)..#+,,* **+*
#.....#Oyc..#**,*****,,,
#....#.@#c..# *,,,,**,,,
****#...##+##*****,**,,,
#...#,,,,* *,**,,,
#...#,,,,* *,,+,,,
#...#,,,,* ****,,,
#####,,,,* ***+ *+*****
*, *,,,,,* ** *****,* *


You could see a meliai (ally target), a centaur and a friendly ogre (summoned,
berserk).

Vanquished Creatures
  Harold (D:8)
  A two-headed ogre (D:8)
  Pikel (D:6)
  2 gargoyles
  Joseph (D:8)
  Maggie (D:6)
  2 unseen horrors
  A troll (D:11)
  Grinder (D:5)
  Prince Ribbit (D:5)
  A hornet (D:8)
  A vampire (D:10)
  5 yaks (D:9)
  A basilisk (D:7)
  A steam dragon (D:8)
  3 vampire mosquitoes (D:11)
  Menkaure (D:6)
  3 wargs (D:10)
  A water moccasin (D:7)
  An acid dragon (D:7)
  7 orc warriors
  4 hornet zombies (Ossuary)
  A sky beast (D:7)
  7 centaurs
  3 ogres
  3 lemures (D:6)
  3 kobold brigands (D:9)
  Blork the orc (D:4)
  3 bullfrogs (D:8)
  5 elf skeletons (D:8)
  A gnoll sergeant (D:11)
  2 wyvern zombies (Ossuary)
  2 scorpions
  3 water moccasin zombies (Ossuary)
  A jelly (D:6)
  9 vampire bats (Bailey)
  4 wights (D:9)
  2 electric eels (D:10)
  4 wolf zombies (Bailey)
  2 hounds
  A bullfrog zombie (Ossuary)
  A centaur skeleton (D:6)
  8 centaur zombies
  A human zombie (D:8)
  9 orc priests
  A bullfrog skeleton (D:2)
  A human skeleton (D:8)
  Ijyb (D:3)
  3 iguanas
  11 orc wizards
  4 killer bee zombies
  15 mummies (Ossuary)
  3 howler monkey zombies
  8 gnolls
  A howler monkey skeleton (D:7)
  8 adders
  A shadow imp (D:8)
  A white imp (D:7)
  2 worms
  33 orcs
  6 ball pythons
  11 endoplasms
  12 goblins
  8 hobgoblins
  2 jackals (D:1)
  3 quokkas
  4 bats
  4 frilled lizards
  21 kobolds
  2 orc skeletons (D:8)
  22 orc zombies
  4 rats
309 creatures vanquished.

Vanquished Creatures (collateral kills)
  A centaur warrior (D:14)
  2 meliai (D:14)
  3 vampires (Bailey)
6 creatures vanquished.

Vanquished Creatures (others)
  An orc (D:10)
  A plant (D:10)
  6 withered plants (Ossuary)
8 creatures vanquished.

Grand Total: 323 creatures vanquished

Notes
Turn   | Place    | Note
-------+----------+-------------------------------------------
     0 | D:1      | cbfl8 the Minotaur Berserker began the quest for the Orb.
     0 | D:1      | Reached XP level 1. HP: 19/19 MP: 0/0
   188 | D:1      | Reached XP level 2. HP: 8/27 MP: 1/1
   646 | D:1      | Reached skill level 4 in Axes
   725 | D:1      | Found a faded altar of an unknown god.
  1487 | D:2      | Reached XP level 3. HP: 33/33 MP: 2/2
  1533 | D:2      | Reached ** piety under Trog
  1800 | D:2      | Reached XP level 4. HP: 38/41 MP: 3/3
  1993 | D:2      | Reached skill level 5 in Fighting
  1993 | D:2      | Reached XP level 5. HP: 13/48 MP: 4/4
  1998 | D:2      | Reached skill level 5 in Axes
  2253 | D:2      | Found a white marble altar of Elyvilon.
  3058 | D:3      | Found Kibuwum's Assorted Antiques.
  3070 | D:3      | Noticed Ijyb
  3088 | D:3      | Killed Ijyb
  3485 | D:4      | Reached XP level 6. HP: 28/56 MP: 5/5
  3957 | D:4      | Noticed Blork the orc
  3966 | D:4      | Killed Blork the orc
  4030 | D:4      | Reached skill level 6 in Axes
  4030 | D:4      | Reached skill level 1 in Evocations
  4382 | D:4      | Found a sparkling altar of Nemelex Xobeh.
  4799 | D:5      | Entered Level 5 of the Dungeon
  4834 | D:5      | Found a shimmering altar of Xom.
  4857 | D:5      | Found a snail-covered altar of Cheibriados.
  4936 | D:5      | Reached *** piety under Trog
  4937 | D:5      | Reached skill level 1 in Stealth
  4937 | D:5      | Reached XP level 7. HP: 59/62 MP: 6/6
  5034 | D:5      | Noticed Grinder
  5041 | D:5      | Killed Grinder
  5042 | D:5      | Reached skill level 5 in Armour
  5140 | D:5      | Found a runed translucent gate.
  5141 | D:5      | Found a runed translucent gate.
  5142 | D:5      | Found a runed translucent gate.
  5163 | D:5      | Noticed OhItsWolfy's ghost (novice MiGl)
  5185 | D:5      | Noticed Prince Ribbit
  5191 | D:5      | Reached skill level 7 in Axes
  5196 | D:5      | Killed Prince Ribbit
  5197 | D:5      | Reached XP level 8. HP: 71/71 MP: 7/7
  5663 | D:6      | Found a staircase to the Ecumenical Temple.
  5663 | D:6      | Noticed Maggie
  5676 | D:6      | Killed Maggie
  5677 | D:6      | Reached skill level 8 in Axes
  5873 | D:6      | Noticed Menkaure
  5876 | D:6      | Killed Menkaure
  6075 | D:6      | Noticed Pikel
  6095 | D:6      | Killed Pikel
  6096 | D:6      | Reached skill level 9 in Axes
  6096 | D:6      | Reached XP level 9. HP: 69/81 MP: 8/8
  6201 | D:6      | Found a glowing golden altar of the Shining One.
  6334 | D:6      | Found Aha Cunt's Weapon Boutique.
  6840 | D:7      | Found Ixiakh's Antique Armour Boutique.
  7010 | D:7      | Reached skill level 10 in Axes
  7176 | D:8      | Noticed a two-headed ogre
  7183 | D:8      | Killed a two-headed ogre
  7218 | D:8      | Reached XP level 10. HP: 35/91 MP: 9/9
  7311 | D:8      | Noticed Joseph
  7319 | D:8      | Killed Joseph
  7320 | D:8      | Reached skill level 11 in Axes
  7320 | D:8      | Reached skill level 5 in Evocations
  7387 | D:8      | Found a sand-covered staircase.
  7424 | Ossuary  | Entered an ossuary
  7479 | Ossuary  | Reached skill level 10 in Fighting
  7622 | Ossuary  | Reached **** piety under Trog
  7935 | D:8      | Noticed Harold
  7950 | D:8      | Killed Harold
  7951 | D:8      | Reached skill level 12 in Axes
  8943 | D:9      | Reached XP level 11. HP: 100/101 MP: 10/10
  9015 | D:9      | Found Ysulaot's Book Shoppe.
  9275 | D:9      | Found a shimmering blue altar of Sif Muna.
  9280 | D:9      | Found a glowing silver altar of Zin.
  9582 | D:10     | Entered Level 10 of the Dungeon
  9795 | D:10     | Found a flagged portal.
  9809 | Bailey   | Entered a bailey
 10116 | Bailey   | Reached ***** piety under Trog
 10280 | Bailey   | Reached skill level 13 in Axes
 10690 | Bailey   | Identified the ring "Uduekh" {rF+ rC++ Will+ Str+4 Int+4}
 11281 | D:10     | Found a staircase to the Lair.
 11305 | D:10     | Reached skill level 1 in Shields
 11391 | D:10     | Reached skill level 5 in Dodging
 12127 | D:10     | Found a blossoming altar of Fedhas.
 12134 | D:10     | Found a burning altar of Makhleb.
 12136 | D:10     | Found an ancient bone altar of Kikubaaqudgha.
 12138 | D:10     | Found an opulent altar of Gozag.
 12139 | D:10     | Found a broken altar of Ashenzari.
 12141 | D:10     | Found a sacrificial altar of Ru.
 12148 | D:10     | Found a stormy altar of Qazlal.
 12457 | D:10     | Found a staircase to the Orcish Mines.
 13534 | D:11     | You fall into a shaft and drop 3 floors!
 13538 | D:14     | Noticed a centaur warrior
 13546 | D:14     | Killed a centaur warrior
 13553 | D:14     | HP: 1/104 [meliai/divine providence (15)]
 13553 | D:14     | Slain by a meliai

Illustrated notes

Levels and vault maps discovered:
D:1:      dpeg_arrival_more_subterranean_lakeside_camping, layout_loops_ring,
          hellmonk_ecumenical_altar_pennies_from_heaven
D:2:      layout_basic, basic_altar, minivault_23, minmay_pentomino_w4
D:3:      layout_rooms, serial_shops, nicolae_shop_behind_doors, uniq_ijyb
D:4:      layout_gridville, mainiacjoe_overflow_alcove_2, columned_hall_lemuel,
          kennysheep_decorative_pillar, minivault_26, uniq_blork_the_orc
D:5:      layout_cave_pools, mainiacjoe_overflow_catch_the_wave,
          gammafunk_ghost_necromancy, uniq_grinder, uniq_prince_ribbit1
D:6:      layout_loops_corners, kennysheep_mini, minmay_temple_entry_hall,
          serial_shops, nicolae_shop_bloodbath_and_beyond, st_stairs_9,
          uniq_pikel, uniq_menkaure, uniq_maggie
D:7:      layout_cave_pools, serial_shops, nicolae_shop_crystal,
          serial_bayou_crossing
D:8:      layout_loops_ring, nicolae_ossuary_entry_catacombs, uniq_harold,
          uniq_joseph
D:9:      layout_rooms, mainiacjoe_overflow_divided_tiny, serial_shops,
          shop_fountains
D:10:     layout_long_grid, nicolae_overflow_hallway_of_the_gods,
          erik_lair_orcish_takeover, erik_orc_2, enter_bailey_4
D:11:     layout_loops_ring, kennysheep_just_a_vault
D:14:     layout_roguey, hangedman_abyss_or_decor_clamps

Skill      XL: |  1  2  3  4  5  6  7  8  9 10 11 |
---------------+----------------------------------+-----
Fighting       | 4 5 6 8 9 10 12 | 12.2
Axes           | 4 5 6 7 9 10 12 13 | 13.8
Armour         | 3 4 5 6 7 8 9 |  9.5
Dodging        | 3 4 5 |  5.3
Evocations     | 1 2 3 4 6 7 |  7.0
Stealth        | 1 |  1.8
Shields        | 1 |  1.9

Action                   |  1- 3 |  4- 6 |  7- 9 | 10-12 || total
-------------------------+-------+-------+-------+-------++-------
Melee: Hand axe          |    82 |   100 |       |       ||   182
       Headbutt          |    12 |    17 |    26 |   103 ||   158
       War axe           |       |    23 |   118 |   484 ||   625
       Punch             |       |     1 |     3 |     1 ||     5
Invok: Berserk           |     1 |     4 |     6 |     9 ||    20
       Trog's Hand       |     1 |       |     1 |     4 ||     6
       Brothers in Arms  |       |       |       |     3 ||     3
Evoke: Wand              |       |       |     1 |    20 ||    21
  Use: Potion            |       |       |     3 |     5 ||     8
       Scroll            |       |       |       |    10 ||    10
Armor: Animal skin       |     4 |       |       |       ||     4
       Leather armour    |     5 |       |       |       ||     5
       Ring mail         |     4 |    21 |       |       ||    25
       Scale mail        |       |     1 |     6 |       ||     7
       Chain mail        |       |       |    41 |   214 ||   255
Dodge: Dodged            |    41 |    67 |    94 |   360 ||   562
Block: Buckler           |       |       |       |    60 ||    60
